[Event "Susha Chess Blitz 2022"]
[Site "Shusha"]
[Date "2022.09.24"]
[Round "14"]
[White "Maghsoodloo, Parham"]
[Black "Wang, Hao"]
[Result "1-0"]
[ECO "E06"]
[WhiteElo "2721"]
[BlackElo "2722"]
[Annotator "TA"]
[PlyCount "89"]
[EventDate "2022.09.24"]
[EventType "tourn"]
[EventCountry "AZE"]
[SourceTitle "playchess.com"]
[Source "ChessBase"]
[SourceQuality "1"]
[TimeControl "180+2"]

1. d4 Nf6 2. c4 e6 3. Nf3 d5 4. g3 Be7 5. Bg2 O-O 6. O-O dxc4 7. Qc2 b5 8. a4 {[%emt 0:00:01] E05: Open Catalan: 5 Nf3 Be7.} b4 9. Nfd2 Nd5 10. Nxc4 {[%emt 0:00:02] White is slightly better.} c5 11. dxc5 Bxc5 12. e4 Nb6 13. Ncd2 N8d7 {[%emt 0:00:03] [#] Threatens to win with ...Ba6.} 14. a5 Ba6 15. axb6 Rc8 {[%emt 0:00:01][%cal Oc5f2] And now ...Bxf2+! would win.} 16. Qd1 $1 Qxb6 17. Nb3 $1 Bxf1 18. Qxf1 h6 {[%emt 0:00:14] [#]} 19. N1d2 $146 ({Predecessor:} 19. Nxc5 Qxc5 20. Nd2 Nb6 21. Nb3 Qc2 22. Nd4 Qc5 23. Nb5 Nc4 24. Nxa7 Rcd8 25. Qe2 {½-½ (68) Pechac,J (2599)-Parkhov,Y (2450) Terme Catez 2022}) 19... Rfd8 20. Nf3 {[%emt 0:00:19] Inhibits Ne5.} Nf6 21. Ne1 {[%emt 0:00:11] Pair of Knights!} ({Better is} 21. Qe1 $16) 21... a5 $2 {[%emt 0:00:20] White stays focused until the end.} (21... Ng4 $1 $11 22. Nxc5 Qxc5) 22. Bf3 $16 (22. Rxa5 $6 Bd4 23. Ra1 (23. Nd3 Ng4 $15) 23... Ng4 24. Nxd4 Qxd4 $14) (22. Nxa5 Ng4 23. Bf3 (23. Nd3 $2 Bxf2+ 24. Nxf2 Rc2 $19) 23... Bxf2+ 24. Kh1 {[#]} Qxa5 $1 25. Rxa5 Rxc1 26. Bxg4 Rxe1 27. Qxe1 Bxe1 $17) 22... Ra8 23. Nxc5 Qxc5 24. Be3 $36 {[%emt 0:00:01][%mdl 2048] Keeping Black busy.} Qe5 25. Nd3 Qb5 26. Nc5 Qc6 27. b3 {[%emt 0:00:02] Prevents a4.} e5 (27... Nd7 {was necessary.} 28. Nxd7 Qxd7) 28. Be2 $18 Qc8 29. f3 {[%emt 0:00:03] Against Ng4} Nd7 30. Na4 Qb7 31. Bc4 Nf6 32. Nb6 Rab8 33. Rxa5 Qc7 34. Ra6 Rd6 35. Nd5 Nxd5 36. Bxd5 ({Less strong is} 36. exd5 Rxa6 37. Bxa6 Qc3 $16) 36... Rc8 37. Rxd6 ({Not} 37. Ra7 Qc2 38. Bxf7+ Kh7 $18) 37... Qxd6 38. Bc4 Ra8 39. Qd3 Ra1+ 40. Kg2 Ra2+ 41. Kh3 Qg6 (41... Qf6) 42. g4 {[%emt 0:00:05][%cal Bg3g4,Bg4h5][%mdl 32] aiming for Qd8+. White is clearly winning.} Qf6 {[%emt 0:00:01] Inhibits Qd8+.} 43. Kg3 h5 (43... g5 $142 44. Qb1 Ra8) 44. gxh5 Kh7 45. Qd7 {Weighted Error Value: White=0.15 (very precise) /Black=0.42} 1-0

[Event "Susha Chess Blitz 2022"]
[Site "Shusha"]
[Date "2022.09.24"]
[Round "14"]
[White "Vidit, Santosh Gujrathi"]
[Black "Kasimdzhanov, Rustam"]
[Result "1-0"]
[ECO "D30"]
[WhiteElo "2710"]
[BlackElo "2670"]
[Annotator "TA"]
[PlyCount "57"]
[EventDate "2022.09.24"]
[EventType "tourn"]
[EventCountry "AZE"]
[SourceTitle "playchess.com"]
[Source "ChessBase"]
[SourceQuality "1"]
[TimeControl "180+2"]

1. d4 d5 2. c4 e6 3. Nf3 c5 4. e3 Nf6 5. Nc3 a6 6. dxc5 Bxc5 7. a3 O-O {[%emt 0:00:02] D40: Queen's Gambit Declined: Semi-Tarrasch with 5 e3.} 8. b4 Bd6 9. Bb2 a5 {[%emt 0:00:01] The position is equal.} 10. b5 {[%emt 0:00:09] [#]} b6 $146 ({Predecessor:} 10... dxc4 11. Bxc4 Qc7 12. Qe2 a4 13. O-O Nbd7 14. Rfd1 b6 15. Rac1 Nc5 16. Nb1 Bb7 {0-1 (61) Hobber,A (2196)-Sagit,R (2406) Stockholm 2011}) 11. cxd5 exd5 12. Be2 ({Don't go for} 12. Nxd5 $2 Nxd5 13. Qd4 (13. Qxd5 $2 Bb4+ 14. Qd2 Bxd2+ $19) 13... Nf6 $19) 12... Bb7 13. O-O Re8 14. Na4 Nbd7 15. Rc1 Ne4 16. Nd4 Qg5 {[%emt 0:01:16] [#]} (16... Ndc5 $14) 17. f4 $1 $16 Qd8 18. Nc6 $36 {[%emt 0:00:15][%mdl 2048] Black is under strong pressure.} Bxc6 19. Rxc6 ({Don't do} 19. bxc6 Ndc5 $14) 19... Ndf6 {[%emt 0:00:16] Loses the game.} (19... Qe7 $16) 20. Nxb6 $18 Bc5 21. Bxf6 {[%emt 0:00:24] A strong pair of Bishops.} Bxe3+ 22. Kh1 Nxf6 23. Nxa8 Qxa8 24. Qd3 Qb8 25. g3 h6 (25... Bb6 $142 26. Bf3 Qd8) 26. Bf3 Bb6 27. Qf5 {[%emt 0:00:09] [#] aiming for Rxf6.} Qd8 28. Rfc1 Be3 (28... Qe7 $142 29. Rc8 (29. Rxb6 Qe3 $11) 29... Bd8 30. Bxd5 Qe3) 29. Rc8 {[%emt 0:00:05] Weighted Error Value: White=0.17 (very precise) /Black=0.42} 1-0

[Event "Susha Chess Blitz 2022"]
[Site "Shusha"]
[Date "2022.09.24"]
[Round "14"]
[White "Yilmaz, Mustafa"]
[Black "Mamedov, Rauf"]
[Result "0-1"]
[ECO "E94"]
[WhiteElo "2633"]
[BlackElo "2646"]
[Annotator "TA"]
[PlyCount "106"]
[EventDate "2022.09.24"]
[EventType "tourn"]
[EventCountry "AZE"]
[SourceTitle "playchess.com"]
[Source "ChessBase"]
[SourceQuality "1"]
[TimeControl "180+2"]

1. d4 d6 2. Nf3 Nf6 3. c4 g6 4. Nc3 Bf5 5. Nh4 Bc8 6. e4 Bg7 7. Nf3 O-O 8. Be2 e5 9. O-O Na6 10. Re1 Qe8 11. Bf1 Bg4 12. d5 Nb4 13. a3 {[%emt 0:00:01] 13.a3 is setting a new trend. E94: King's Indian: Classical: 6 Be2 e5 7 0-0: Various Black 7th moves.} Bxf3 14. gxf3 Na6 15. b4 {[%emt 0:00:01] White is slightly better.} Nb8 $5 {[%emt 0:00:06][%mdl 4] An interesting side line.} 16. c5 Qe7 17. Be3 {[%emt 0:00:05] [#]} Nbd7 $146 (17... Rd8 $142) ({Predecessor:} 17... Nh5 18. Rc1 Nd7 19. Nb5 a6 20. Nxc7 Rac8 21. Nxa6 bxa6 22. Bxa6 Ra8 23. Bb7 Rxa3 24. c6 Nf4 25. Bxf4 exf4 26. cxd7 Qxd7 {0-1 (35) Citak,S (2312)-Klimov,A (2397) St Petersburg 2006}) 18. c6 $16 bxc6 19. dxc6 Nb6 {[%emt 0:00:07] [#]} 20. a4 $1 d5 (20... Nc8 $16 21. Qd2 Qd8) 21. Bc5 $18 (21. exd5 $6 Qxb4 22. Bxb6 Qxb6 $14) (21. Nxd5 Nfxd5 22. exd5 Rfd8 $14) 21... Qd8 22. a5 Re8 23. axb6 cxb6 (23... axb6 24. Rxa8 (24. exd5 Rxa1 25. Qxa1 bxc5 $15) 24... Qxa8 25. Bxb6 (25. Nxd5 Nxd5 26. Qxd5 Rd8 $16) 25... cxb6) 24. Nxd5 bxc5 25. c7 Qc8 26. Ba6 Qh3 27. bxc5 Nxd5 28. Qxd5 ({Weaker is} 28. exd5 e4 29. c8=Q (29. Rxe4 Rxe4 30. Bf1 Qd7 $16) (29. fxe4 Be5 $14) 29... Raxc8 30. Bxc8 (30. Rxe4 Rxe4 31. Bxc8 Qxc8 $11) (30. fxe4 $2 Be5 $17) 30... Qxc8 $18) 28... Qxf3 (28... Bh6 $142 29. Bc4 (29. Bb7 Bf4 $11) 29... Rf8) 29. Re3 Qg4+ 30. Rg3 Qf4 31. Kg2 (31. Bb7 $142) 31... h5 32. h3 {[%emt 0:00:07] aiming for Bb7.} Rf8 33. Bb7 Rae8 34. Rxa7 Re7 35. Bc6 Qf6 36. Qd6 {[%emt 0:00:01] Hoping for Ra8.} Re6 37. Qd7 $2 Rxc6 $11 38. Rb7 $2 (38. Rf3 $11 {and White is okay.} Qe6 39. Qxe6 Rxe6 {[#]} 40. Rxf7 $1) 38... Qe6 $2 (38... Rxc5 $19 39. Rbb3 Rc2) 39. Qxe6 $17 fxe6 40. Rxg6 $2 (40. Rd3 $17 {only move.}) 40... Rc8 $19 41. Rb8 R6xc7 42. Rxc8+ (42. Rb6 {was necessary.}) 42... Rxc8 43. Rxe6 Rxc5 {[%emt 0:00:00][%mdl 4096] Endgame KRB-KR} 44. h4 (44. Rg6 $142 Rc4 45. Kf3) 44... Kf7 45. Ra6 Bf6 46. Kg3 Rc1 {[%emt 0:00:09] Strongly threatening ...Rg1+.} 47. Ra7+ Kg6 48. f3 Rg1+ 49. Kh2 Rc1 (49... Rd1 $19 50. Ra6 Kf7) 50. Ra6 $2 (50. Kg3 $1 $11 Rc6 51. Ra5) 50... Kf7 51. Kg3 Rh1 52. Ra7+ Be7 53. Kg2 Rxh4 {[%emt 0:00:02] Never resign too early!  Weighted Error Value: White=0.94/Black=0.71} 0-1

[Event "Susha Chess Blitz 2022"]
[Site "Shusha"]
[Date "2022.09.24"]
[Round "14"]
[White "Durarbayli, Vasif"]
[Black "Mamedyarov, Shakhriyar"]
[Result "1/2-1/2"]
[ECO "B02"]
[WhiteElo "2628"]
[BlackElo "2757"]
[Annotator "TA"]
[PlyCount "35"]
[EventDate "2022.09.24"]
[EventType "tourn"]
[EventCountry "AZE"]
[SourceTitle "playchess.com"]
[Source "ChessBase"]
[SourceQuality "1"]
[TimeControl "180+2"]

1. e4 Nf6 2. e5 Nd5 3. c4 Nb6 4. c5 Nd5 5. Nc3 e6 6. d4 d6 7. cxd6 cxd6 8. Nf3 Nc6 9. exd6 {[%emt 0:00:08] 9.Bd3 is more fashionable.} Bxd6 10. Bd3 O-O {[%emt 0:00:10] B22: Sicilian: 2 c3.} 11. O-O {[%emt 0:00:02] [#] Not much happened in this game.} {Predecessor:} Nce7 $146 12. Ne4 b6 13. Re1 Bb7 14. a3 Ng6 15. Neg5 Rc8 16. Ne5 Bxe5 17. dxe5 Rxc1 18. Qxc1 {0-1 (51) Giri,A (2764)-Gazik,V (2539) Chess.com INT 2020} 1/2-1/2

[Event "Susha Chess Blitz 2022"]
[Site "Shusha"]
[Date "2022.09.24"]
[Round "15"]
[White "Radjabov, Teimour"]
[Black "Mamedov, Rauf"]
[Result "1/2-1/2"]
[ECO "E94"]
[WhiteElo "2747"]
[BlackElo "2646"]
[Annotator "TA"]
[PlyCount "34"]
[EventDate "2022.09.24"]
[EventType "tourn"]
[EventCountry "AZE"]
[SourceTitle "playchess.com"]
[Source "ChessBase"]
[SourceQuality "1"]
[TimeControl "180+2"]

1. d4 Nf6 2. c4 g6 3. Nc3 Bg7 4. e4 d6 5. Be2 O-O 6. Nf3 e5 7. O-O exd4 8. Nxd4 Re8 9. f3 Nc6 10. Be3 Nh5 11. g4 {[%emt 0:00:06] E94: King's Indian: Classical: 6 Be2 e5 7 0-0: Various Black 7th moves.} (11. f4 $14) 11... Be5 12. gxh5 {[%emt 0:00:53] [#] Hoping for f4.} Bxh2+ 13. Kxh2 {[%emt 0:00:14] [#] An interesting draw.  Weighted Error Value: White=0.31/Black=0.05 (flawless)} {Predecessor:} Qh4+ $146 14. Kg1 Qg3+ 15. Kh1 Re5 16. f4 Qh3+ 17. Kg1 Qg3+ {½-½ (17) Averkin,O (2455)-Baikov,V (2520) Sochi 1996} 1/2-1/2

[Event "Susha Chess Blitz 2022"]
[Site "Shusha"]
[Date "2022.09.24"]
[Round "15"]
[White "Vidit, Santosh Gujrathi"]
[Black "Maghsoodloo, Parham"]
[Result "0-1"]
[ECO "E10"]
[WhiteElo "2710"]
[BlackElo "2721"]
[Annotator "TA"]
[PlyCount "76"]
[EventDate "2022.09.24"]
[EventType "tourn"]
[EventCountry "AZE"]
[SourceTitle "playchess.com"]
[Source "ChessBase"]
[SourceQuality "1"]
[TimeControl "180+2"]

1. d4 Nf6 2. c4 e6 3. Nf3 h6 4. Nc3 Bb4 5. e3 Bxc3+ 6. bxc3 {[%emt 0:00:00] E10: Blumenfeld Gambit.} d6 7. Bd3 O-O 8. O-O {[%emt 0:00:03] [#] The position is equal.} e5 $146 {[%emt 0:00:01] Strongly threatening ...e4.} ({Predecessor:} 8... Re8 9. e4 e5 10. Re1 c5 11. Rb1 Nc6 12. d5 Ne7 13. Nd2 Qa5 14. Rb3 Ng6 {1-0 (59) Schaub,M (2362)-Calvo,R (2203) ICCF email 2020}) 9. Nd2 {[%emt 0:00:20] Inhibits e4.} c5 10. Ne4 Nc6 11. dxc5 dxc5 12. Nxc5 Qe7 13. Ne4 Rd8 {[%emt 0:00:09] aiming for ...Nxe4.} 14. Qe2 Nxe4 15. Bxe4 Be6 {[%emt 0:00:01] Against Bd5} 16. Rb1 (16. Bxc6 $11 bxc6 17. e4) 16... Rac8 17. Rb5 {[%emt 0:00:33] Inhibits Na5.} a6 {[%emt 0:00:01] Black converts the advantage convincingly.} 18. Rb1 Na5 19. Bd5 Bxd5 20. cxd5 Rxd5 21. e4 Rd7 22. Be3 Qe6 {[%emt 0:00:26] Inhibits Qg4.} 23. Rb6 {[%emt 0:00:14] [#]} Rc6 24. Rxc6 Qxc6 ({Much weaker is} 24... Nxc6 $6 25. h3 $11) 25. Qg4 Rd6 26. Rd1 {[%emt 0:00:10] [#]} (26. h3 $17) 26... Qxe4 $3 $19 27. Qc8+ (27. Qe2 Rxd1+) 27... Kh7 28. Rf1 Nc4 29. Bc5 $2 (29. Bc1 {might work better.}) 29... Rc6 30. Qxb7 Nd2 31. Rd1 Rxc5 32. Qxf7 {[%emt 0:00:02] [#]} Rxc3 $1 {[%emt 0:00:02][%cal Oe4g4] White must now prevent ...Qg4!} 33. h3 {[%emt 0:00:02] Against Qg4} (33. Kh1 Nc4) 33... Rc2 {[%emt 0:00:10][%cal Oc2c6] ...Rc6! is the strong threat.} 34. a3 Qg6 35. Qd5 Ne4 36. Rf1 Qf5 37. f3 Nc3 38. Qb7 Ne2+ {[%emt 0:00:01] Weighted Error Value: White=1.14/Black=0.47} 0-1

[Event "Susha Chess Blitz 2022"]
[Site "Shusha"]
[Date "2022.09.24"]
[Round "15"]
[White "Yilmaz, Mustafa"]
[Black "Wang, Hao"]
[Result "0-1"]
[ECO "D41"]
[WhiteElo "2633"]
[BlackElo "2722"]
[Annotator "TA"]
[PlyCount "70"]
[EventDate "2022.09.24"]
[EventType "tourn"]
[EventCountry "AZE"]
[SourceTitle "playchess.com"]
[Source "ChessBase"]
[SourceQuality "1"]
[TimeControl "180+2"]

1. d4 Nf6 2. c4 e6 3. Nf3 d5 4. Nc3 c5 5. cxd5 Nxd5 6. e4 Nxc3 7. bxc3 cxd4 8. cxd4 Bb4+ 9. Bd2 Bxd2+ 10. Qxd2 O-O 11. Bc4 b6 12. d5 {[%emt 0:00:04] D41: Queen's Gambit Declined: Semi-Tarrasch with 5 cxd5.} Ba6 13. Bxa6 Nxa6 14. d6 {[%emt 0:00:01] The position is equal.} Nc5 15. e5 Qd7 (15... Rc8 $11) 16. O-O $16 f6 17. Rfe1 Rad8 18. Rad1 Qa4 {[%emt 0:00:03] [#]} 19. Qb2 $146 ({Predecessor:} 19. Qe2 fxe5 20. Nxe5 Rf4 21. d7 h6 22. g3 Rf5 23. Rd6 Rxe5 24. Qxe5 Rxd7 25. Rxd7 Qxd7 {1-0 (32) Caruana,F (2799)-Xiong,J (2633) Douglas 2017}) 19... Rd7 20. h3 Qf4 21. Rd4 Qf5 22. Qb5 {[%emt 0:00:24] Against Nd3} (22. Qd2 $16) 22... Rfd8 $11 23. Qc6 Nd3 $1 24. g4 Qg6 25. Nh4 (25. Re2 $11 fxe5 26. Nxe5 Nxe5 27. Rxe5) 25... Nxe5 $17 26. Rxe5 {[%emt 0:00:20][%mdl 8192] This costs White the game.} ({Wrong is} 26. Qxd7 $2 Rxd7 27. Nxg6 Nf3+ 28. Kf1 hxg6 $19) (26. Qc1 $17 {is a better chance.} Qe8 27. f4) 26... Qb1+ $19 27. Kg2 fxe5 28. Rd2 Qb4 {[%emt 0:00:07][%csl LRd2,LRd6] Inhibits Qc4.} 29. Re2 Qxd6 30. Qa4 (30. Qxd6 $142 Rxd6 31. Rxe5) 30... Qd5+ 31. Re4 Rf7 {[%emt 0:00:08] [#] Hoping for ...Qd2.} 32. Nf3 {[%emt 0:00:02] Prevents Qd2.} Rdf8 33. Nxe5 Rxf2+ 34. Kg3 Rxa2 (34... Qd2 $142 35. Rf4 R2xf4 36. Qc2 Qxc2 37. Nd3 Qxd3+ 38. Kh4 g5+ 39. Kxg5 Qxh3 40. a4 Rxg4#) 35. Qb4 {[%emt 0:00:02] [#]} Qd2 {[%emt 0:00:06] Weighted Error Value: White=1.18/Black=0.40} (35... Rg2+ $142 $3 36. Kxg2 Qa2+ 37. Qb2 Qxb2+ 38. Kg1 Qf2+ 39. Kh1 Qf1+ 40. Kh2 Rf2+ 41. Kg3 g5 42. h4 Qg2#) 0-1

[Event "Susha Chess Blitz 2022"]
[Site "Shusha"]
[Date "2022.09.24"]
[Round "15"]
[White "Durarbayli, Vasif"]
[Black "Guseinov, Gadir"]
[Result "1/2-1/2"]
[ECO "B67"]
[WhiteElo "2628"]
[BlackElo "2661"]
[Annotator "TA"]
[PlyCount "83"]
[EventDate "2022.09.24"]
[EventType "tourn"]
[EventCountry "AZE"]
[SourceTitle "playchess.com"]
[Source "ChessBase"]
[SourceQuality "1"]
[TimeControl "180+2"]

1. e4 c5 2. Nf3 d6 3. d4 cxd4 4. Nxd4 Nf6 5. Nc3 Nc6 6. Bg5 e6 7. Qd2 a6 8. O-O-O Bd7 9. Kb1 Nxd4 {[%emt 0:00:04] B67: Sicilian: Richter-Rauzer: 7...a6 8 0-0-0 Bd7, lines without 9 f4 Be7.} 10. Qxd4 Be7 11. f4 Bc6 {[%emt 0:00:12] White is slightly better.} 12. f5 Qa5 13. Bc4 exf5 {[%emt 0:00:09] [#]} 14. exf5 $146 (14. Rhf1 $5 ) ({Predecessor:} 14. Rhf1 fxe4 15. Bxf6 Bxf6 16. Rxf6 gxf6 17. Qxf6 Qe5 18. Qxf7+ Kd8 19. Nd5 Rc8 20. Nf4 {½-½ (29) Lagarde,M (2631)-Muradli,M (2523) Biel 2022}) 14... Qxf5 15. Bxf6 Qxf6 16. Qb6 O-O $1 (16... Bxg2 $2 17. Rhf1 $1 Bxf1 18. Rxf1 Qxf1+ 19. Bxf1 $18) 17. Nd5 Bxd5 (17... Qe5 $15) 18. Bxd5 $14 Qg6 (18... Rab8 $11) 19. h4 ({Better is} 19. Qxb7 $16 Bf6 20. Qxa8 Rxa8 21. Bxa8) 19... Rad8 (19... Rac8 $14) 20. Qxb7 $16 Bf6 {[%emt 0:00:01] Threatens to win with ...Rb8.} 21. Qxa6 Qg3 ({Black should play} 21... Rb8 22. Bb3 Qxg2) 22. Rh3 Qe5 {[%emt 0:00:01][%csl Gf6][%cal Re5b2] [#]} 23. c3 $1 {[%emt 0:00:12] Active counter play!} h5 (23... Qh5 $16 24. Qd3 h6) 24. Qd3 $18 Rfe8 25. Rf3 Rb8 26. Rf5 ({Avoid the trap} 26. Qg6 $2 {[#]} Qxd5 $3 27. Rxd5 fxg6 $19) 26... Qe2 27. Bb3 (27. Qxe2 $18 Rxe2 28. b4) 27... Qxg2 $16 28. Rxh5 Qe4 29. Rd5 Qxd3+ 30. R5xd3 Be5 (30... Bxh4 $16 31. Rxd6 Re2) 31. h5 Re7 32. Rf1 Rf8 (32... Kf8 {is a better defense.} 33. Bd5 Rc7) 33. Rdf3 $18 Rd7 34. Bd5 Ra7 35. a3 Bf6 36. h6 Be5 (36... Bg5 37. Bxf7+ Kh8 38. hxg7+ Kxg7) 37. hxg7 Bxg7 38. Rg1 {[%emt 0:00:01] Strongly threatening Rfg3.} Ra5 39. c4 {[%emt 0:00:04] Intending Rfg3 and mate.} Rb8 40. Bxf7+ {[%emt 0:00:05] White mates.} Kh7 41. Rh3+ Bh6 42. Rgh1 {[%emt 0:00:03][%mdl 32768] Weighted Error Value: White=0.16 (very precise) /Black=0.45. An unexpected result.} (42. Rg6 $142 Rxb2+ 43. Kxb2 Rb5+ 44. cxb5 Kh8 45. Rhxh6#) 1/2-1/2

[Event "Susha Chess Blitz 2022"]
[Site "Shusha"]
[Date "2022.09.24"]
[Round "16"]
[White "Mamedyarov, Shakhriyar"]
[Black "Kasimdzhanov, Rustam"]
[Result "0-1"]
[ECO "D30"]
[WhiteElo "2757"]
[BlackElo "2670"]
[Annotator "TA"]
[PlyCount "62"]
[EventDate "2022.09.24"]
[EventType "tourn"]
[EventCountry "AZE"]
[SourceTitle "playchess.com"]
[Source "ChessBase"]
[SourceQuality "1"]
[TimeControl "180+2"]

1. d4 d5 2. c4 e6 3. Nf3 c5 4. cxd5 exd5 5. Bg5 Nf6 6. Nc3 Be6 7. e3 c4 {[%emt 0:00:01] D32: Tarrasch Defence: Sidelines and lines without g3.} 8. g3 {[%emt 0:00:17] [#]} Nbd7 $146 ({Predecessor:} 8... Bb4 9. Bg2 O-O 10. O-O Bxc3 11. bxc3 Nbd7 12. Nd2 Qa5 13. Qc2 h6 14. Bf4 b5 15. Rfb1 {½-½ (96) Bykhovsky,A (2496)-Batsiashvili,N (2457) Chess.com INT 2020}) 9. Bg2 Bd6 {[%emt 0:00:21] Prevents Ne5. The position is equal.} (9... Qa5 {keeps more tension.} 10. O-O Bb4 11. Ne5 Bxc3 12. bxc3 Ne4) 10. O-O O-O 11. e4 dxe4 12. Nxe4 Be7 13. Nc3 h6 14. Bd2 Nb6 15. Re1 Re8 16. h3 Bf8 17. Kh2 Nbd5 18. Ne5 Rc8 19. Rc1 a6 20. Ne4 Nxe4 21. Bxe4 b5 22. Qf3 Nf6 23. Bc6 $1 Bd5 24. Bxd5 ({White should play} 24. Bxe8 $11 Bxf3 25. Bxf7+ Kh7 26. Bg6+ (26. Nxf3 Qb6 $11) 26... Kg8 27. Bf7+ (27. Nxf3 Qd5 $11) 27... Kh7 28. Nxf3) 24... Qxd5 $15 25. Qxd5 Nxd5 26. Ng4 (26. a3 $15) 26... Bb4 $17 27. Rxe8+ Rxe8 28. Bxb4 Nxb4 29. a3 Nd3 30. Rc2 Rd8 31. Kg2 $2 {[%emt 0:00:08] [#]} (31. Ne5 Rxd4 32. Nxd3 Rxd3 33. Kg2) 31... Ne1+ {Weighted Error Value: White=0.40/Black=0.07 (flawless)} 0-1

[Event "Susha Chess Blitz 2022"]
[Site "Shusha"]
[Date "2022.09.24"]
[Round "16"]
[White "Wang, Hao"]
[Black "Yilmaz, Mustafa"]
[Result "1-0"]
[ECO "C88"]
[WhiteElo "2722"]
[BlackElo "2633"]
[Annotator "TA"]
[PlyCount "110"]
[EventDate "2022.09.24"]
[EventType "tourn"]
[EventCountry "AZE"]
[SourceTitle "playchess.com"]
[Source "ChessBase"]
[SourceQuality "1"]
[TimeControl "180+2"]

1. e4 e5 2. Nf3 Nc6 3. Bb5 a6 4. Ba4 Nf6 5. O-O Be7 6. Re1 b5 7. Bb3 O-O 8. h3 Bb7 9. d3 d5 10. exd5 Nxd5 11. Nxe5 Nxe5 {[%emt 0:00:03] now scores much better than the old 11...Nd4.} 12. Rxe5 Qd6 {[%emt 0:00:00] C88: Closed Ruy Lopez: Anti-Marshall Systems.} 13. Re1 Rae8 14. Nd2 c5 {[%emt 0:00:01] The position is equal.} (14... Nf6 {seems wilder.} 15. a4 Bd8 16. Nf1 Rxe1 17. Qxe1 c5) 15. Ne4 Qc6 16. c4 Nb6 17. cxb5 axb5 18. Qf3 {[%emt 0:00:14] has lost popularity (18.a4).} c4 19. dxc4 bxc4 20. Bc2 f5 21. Nc3 {[%emt 0:00:37] [#]} Qc7 $146 (21... Bf6 $11 {remains equal.} 22. Bf4 (22. Rxe8 Rxe8 23. Be3 Qxf3 $11) 22... Qxf3 23. gxf3 g6) ({Predecessor:} 21... Qxf3 22. gxf3 Bxf3 23. Bf4 Bb4 24. Rxe8 Rxe8 25. Bxf5 Bxc3 26. bxc3 Nd5 27. Bd7 Re2 {½-½ (44) Svidler,P (2749)-Muzychuk,A (2580) Caleta 2012}) 22. Bf4 $16 Qc8 23. Qg3 {[%emt 0:00:06] White is much more active.} Rf6 24. Qe3 ({Better is} 24. f3) 24... Rg6 (24... Qc6 $142 25. Qf3 Qc8) 25. Bg3 $1 (25. f3 $2 Bc5 26. Kf1 Bxe3 $19) 25... h5 26. Qf4 {[%emt 0:00:20] Prevents h4.} Qc6 27. f3 $1 {[%emt 0:00:03] And now Kh1 would win.} Bd6 (27... h4 $16) 28. Qxf5 $18 (28. Rxe8+ Qxe8 29. Qxf5 (29. Qxd6 $2 Rxd6 30. Bxd6 Qe3+ 31. Kf1 Qd2 $19) 29... Rxg3 30. Qh7+ Kf8 31. Qh8+ Kf7 32. Qxh5+ Kf8 33. Qh8+ Kf7 34. Qh5+ Kf8 35. Qh8+ Kf7 36. Qh5+ $11) 28... Rxg3 29. Qh7+ Kf8 30. Qh8+ Kf7 {[%emt 0:00:01] ( -> ...Rxg2+)} 31. Qxh5+ Kf8 32. Qf5+ {[%emt 0:00:10] Really sharp!} (32. Kh1 $18 Bc7 33. Nb5 (33. Be4 Qe6 $18)) 32... Kg8 $16 {[%emt 0:00:02] Hoping for ...g6.} 33. Qh7+ (33. Be4 $142 $1 Qc5+ 34. Qxc5 Bxc5+ 35. Kh2) 33... Kf8 $2 (33... Kf7 $16 34. Qh5+ Kf8) 34. Be4 $18 {[%emt 0:00:13][%mdl 64] Skewer} Qc5+ {[%emt 0:00:04] [#]} 35. Kf1 $1 {[%emt 0:00:02] Strongly threatening Qh8+.} Bc6 36. Bxc6 Qxc6 37. Qh8+ $2 ({Resist} 37. Ne4 Bb8 38. Qh8+ Kf7 39. Qh5+ Kf8 40. Qh8+ Kf7 41. Qh5+ Kf8 42. Qh8+) (37. Rxe8+ $18 Qxe8 38. Re1) 37... Kf7 $132 {[%emt 0:00:01][%mdl 2048] Black puts up resistance} 38. Qh5+ Rg6 39. Ne4 Be7 {[%emt 0:00:03] Prevents Ng5+.} 40. Rad1 Kg8 $2 {[%emt 0:00:01] [#]} (40... Rd8 $11) 41. Kg1 $2 (41. Nd6 $1 $18 Rxd6 42. Rxd6 Bxd6 43. Rxe8+ Bf8 44. Qe5) 41... Rf8 42. Kh1 Bb4 43. Re2 ({But not} 43. Ng5 $2 Rh6 44. Qg4 Bxe1 45. Rxe1 Qd7 46. Qxd7 Nxd7 $19) 43... Rh6 44. Qe5 Re6 45. Qg3 (45. Qg5 $15) 45... Bd6 $4 46. Rxd6 $18 Rxd6 47. Qxd6 Qxd6 48. Nxd6 {[%emt 0:00:01][%mdl 4096] Endgame KRN-KRN} Rd8 49. Re8+ Rxe8 50. Nxe8 {[%emt 0:00:01] KN-KN} Kf7 (50... Na4 $142 51. Kg1 (51. b3 $2 c3 $19) 51... Kf8) 51. Nd6+ Ke6 52. Ne4 Na4 53. b3 c3 54. bxa4 c2 55. Nc5+ Kd5 {Weighted Error Value: White=0.38/Black=0.63} 1-0